 Dungeon Sprint DCSS version 0.25.1-1-g288607f5aa (webtiles) character file.

Game seed: 14439878378194067739

23221 jt the Warrior (level 13, -10/129 HPs)
             Began as a Formicid Fighter on July 27, 2020.
             Was an Initiate of Gozag.
             Killed from afar by a shadow dragon (40 damage)
             ... with a bolt of negative energy
             ... in the Dungeon (Sprint I: "Red Sonja").
             The game lasted 00:15:42 (3970 turns).

jt the Warrior (Formicid Fighter)                   Turns: 3970, Time: 00:15:43

Health: -10/129    AC: 30    Str: 26    XL:     13   Next: 33%
Magic:  0/13       EV:  8    Int:  8    God:    Gozag
Gold:   1759       SH: 10    Dex: 10    Spells: 12/12 levels left

rFire    + + +     SeeInvis +   a - +0 trident
rCold    + . .     Gourm    .   c - +0 kite shield
rNeg     . . .     Faith    .   w - +10 fire dragon scales of Temperance {rF++ rC- MR+}
rPois    +         Spirit   +   (helmet unavailable)
rElec    +         Reflect  .   g - +2 cloak {MR+}
rCorr    +         Harm     .   n - +2 pair of gloves
MR       +++..                  (no boots)
Stlth    ..........             l - amulet of guardian spirit
HPRegen  0.31/turn              s - ring of protection from cold
MPRegen  0.13/turn              v - +4 ring of slaying

@: mighty, resistant, flying, very heavily drained, bribing [the Dungeon]
A: permanent stasis, dig shafts and tunnels, four strong arms, antennae 3
a: Dig, Potion Petition, Call Merchant, Bribe Branch, Renounce Religion


You were in the Dungeon.
You worshipped Gozag.
Gozag was most pleased with you.
You were not hungry.

You visited 1 branch You collected 9832 gold pieces.
You spent 3279 gold pieces at shops.
You paid 4794 gold pieces to Gozag.

Inventory:

Hand Weapons
 a - a +0 trident (weapon)
 e - a +1 whip of electrocution
 j - the +3 quarterstaff "Sarcophage" {drain, rPois MR+, unknown}
   (You found it in the Dungeon)

   A truly terrible weapon, it drains the life of those it strikes.
   It protects you from poison.
   It affects your resistance to hostile enchantments.
 q - a +0 short sword of venom
 y - a +0 longbow
Missiles
 k - 14 poisoned darts
 r - 8 curare-tipped darts (quivered)
 x - 39 arrows
 A - 19 sling bullets
Armour
 c - a +0 kite shield (worn)
 g - a +2 cloak of magic resistance (worn)
 n - a +2 pair of gloves (worn)
 o - a +0 plate armour
 w - the +10 fire dragon scales of Temperance (worn) {rF++ rC- MR+}
   (You bought it in a shop in the Dungeon)

   It greatly protects you from fire.
   It makes you vulnerable to cold.
   It affects your resistance to hostile enchantments.
Jewellery
 l - an amulet of guardian spirit (around neck)
 p - an uncursed ring of poison resistance
 s - a ring of protection from cold (left hand)
 v - a +4 ring of slaying (right hand)
Scrolls
 h - a scroll of fear {unknown}
 t - a scroll of magic mapping {unknown}
 u - a scroll of remove curse
 z - a scroll of identify
Potions
 b - a potion of flight {unknown}
 d - 2 potions of might
 i - 2 potions of magic
 m - 2 potions of curing
Comestibles
 f - a ration


   Skills:
 + Level 20.8(14.6) Fighting
 - Level 14.0(8.6) Polearms
 - Level 6.0(1.6) Throwing
 + Level 20.7(14.5) Armour
 - Level 1.5(0.0) Dodging
 - Level 5.0(0.7) Stealth
 - Level 9.0(4.2) Shields
 - Level 0.9(0.0) Unarmed Combat


You had 12 spell levels left.
You didn't know any spells.
Your spell library contained the following spells:

 Spells                   Type           Power        Failure   Level  Hunger
 Corona                   Hex            #......      94%         1    ##.....
 Ensorcelled Hibernation  Hex/Ice        #.....       98%         2    ###....
 Confusing Touch          Hex            #.......     100%        3    ####...
 Dazzling Flash           Conj/Hex       #.....       100%        3    ####...
 Tukima's Dance           Hex            #.......     100%        3    ####...


Dungeon Overview and Level Annotations

Branches:
Dungeon (1/1)

Altars:
Cheibriados
Dithmenos
Elyvilon
Fedhas
Gozag
Hepliaklqana
Kikubaaqudgha
Makhleb
Nemelex Xobeh
Okawaru
Qazlal
Ru
Sif Muna
Trog
Uskayaw
Vehumet
Wu Jian
Xom
Yredelemnul
Zin
The Shining One
Jiyva
Lugonu

Shops:
D :=:?:![?%[:%=[?[[(

Annotations:
D exclusion: oklob plant, Tiamat


Innate Abilities, Weirdness & Mutations

You cannot be hasted, slowed, berserked, paralysed or teleported.
You can dig through walls and to a lower floor.
Your four strong arms can wield two-handed weapons with a shield.
You have a pair of large antennae on your head. (SInv)


Message History

You barely miss the shadow dragon.
The shadow dragon is lightly wounded.
You hit the shadow dragon but do no damage.
The shadow dragon is lightly wounded.
The shadow dragon bites you but does no damage.
The shadow dragon claws you but does no damage.
You block the shadow dragon's attack.
Evoke which item? (* to show all) (? for menu, Esc to quit)
Okay, then.
Okay, then.
You hit the shadow dragon.
The shadow dragon is lightly wounded.
The shadow dragon breathes negative energy at you.
The bolt of negative energy hits you!!!
You feel drained.
* * * LOW HITPOINT WARNING * * *
Unknown command.
The shadow dragon breathes negative energy at you.
The bolt of negative energy hits you!!!
You feel drained.
You die...
Your body crumbles into a pile of gold. §.§§§..'..#^^'..§§# $$$$$$ #§§§§.##..'^^#§§§§## $$$$$$ ##§§.#######'#.§§§§# $$$$ .§##+#=%?##.)#§.§.§#$$$ $$$$ .#§#.##$$$#..##.§..#$ $ $$$$ .###..###$#..≈###'##$$$ $$$$

...##.#A#$#..≈e{#§####+#$$$$
...#§.###$#..≈.##§#.§§§##$$$
++##.##..$#..≈##@§§...§.# $$
.###..#+###..≈#§§§§^.^... $$
..###...#P≈..##..D§§..... $
..#.###.#M≈..#...§§§§....
..○...#.###..#....§§...... $
.°.○..#.# +..##..§.^.^...# $
...####'# ##+##$$$$$$$$$$#$$
.###.)..# ##$$$$$$$$##$$
##.).#### ##!:[!$?##$$$


You could see a shadow dragon (catching breath).

Vanquished Creatures
  A golden dragon (D)
  3 fire giants (D)
  A lorocyproca (D)
  A hydra (D)
  2 centaur warriors (D)
  Sonja (D)
  A deep troll (D)
  7 unseen horrors (D)
  A lindwurm (D)
  An oklob plant (D)
  A gargoyle (D)
  2 kobold demonologists (D)
  4 demonic crawlers (D)
  A meliai (D)
  4 hornets (D)
  A slime creature (D)
  2 redbacks (D)
  Sigmund (D)
  A yak (D)
  13 hogs (D)
  3 floating eyes (D)
  An ogre (D)
  7 necrophages (D)
  8 jellies (D)
  Ijyb (D)
69 creatures vanquished.

Vanquished Creatures (others)
  A fire giant (D)
  2 merfolk sirens (D)
  A gargoyle (D)
  A hellwing (D)
  A hornet (D)
  2 ballistomycete spores (D)
8 creatures vanquished.

Grand Total: 77 creatures vanquished

Notes
Turn   | Place    | Note
-------+----------+-------------------------------------------
     0 | D        | jt the Formicid Fighter began the quest for the Orb.
     0 | D        | Reached XP level 1. HP: 18/18 MP: 1/1
     2 | D        | Noticed Ijyb
    55 | D        | Killed Ijyb
    55 | D        | Reached skill level 5 in Shields
    55 | D        | Reached XP level 2. HP: 24/26 MP: 2/2
    55 | D        | Reached XP level 3. HP: 28/31 MP: 3/3
    61 | D        | Noticed an ogre
    64 | D        | Killed an ogre
    64 | D        | Reached skill level 5 in Armour
    64 | D        | Reached skill level 1 in Dodging
    64 | D        | Reached XP level 4. HP: 38/40 MP: 4/4
    64 | D        | Reached XP level 5. HP: 43/46 MP: 5/5
    69 | D        | Noticed Sigmund
    72 | D        | Killed Sigmund
    72 | D        | Reached XP level 6. HP: 36/52 MP: 6/6
    77 | D        | Found a stormy altar of Qazlal.
    77 | D        | Found a blossoming altar of Fedhas.
    77 | D        | Found a bloodstained altar of Trog.
    77 | D        | Found an iron altar of Okawaru.
    77 | D        | Found a glowing golden altar of the Shining One.
    77 | D        | Found Zahotwow's Jewellery Emporium.
    77 | D        | Found an ancient bone altar of Kikubaaqudgha.
    77 | D        | Found a hazy altar of Hepliaklqana.
    77 | D        | Found a hide-covered altar of Uskayaw.
    77 | D        | Found a basalt altar of Yredelemnul.
    77 | D        | Found a sparkling altar of Nemelex Xobeh.
    77 | D        | Found an opulent altar of Gozag.
    77 | D        | Found a snail-covered altar of Cheibriados.
    77 | D        | Found a sacrificial altar of Ru.
    77 | D        | Found a shadowy altar of Dithmenos.
    77 | D        | Noticed a yak
    83 | D        | Killed a yak
    83 | D        | Reached skill level 10 in Polearms
    83 | D        | Reached XP level 7. HP: 42/58 MP: 7/7
    84 | D        | Found a glowing silver altar of Zin.
    84 | D        | Found a white marble altar of Elyvilon.
    90 | D        | Became a worshipper of Gozag Ym Sagoz the Greedy
   112 | D        | Found a shimmering blue altar of Sif Muna.
   113 | D        | Found an ornate altar of the Wu Jian Council.
   114 | D        | Found a radiant altar of Vehumet.
   135 | D        | Found Igum Loi's Armour Emporium.
   189 | D        | Bought an uncursed ring of poison resistance for 280 gold
                  | pieces
   208 | D        | Noticed Sonja
   219 | D        | Killed Sonja
   219 | D        | Reached XP level 8. HP: 51/65 MP: 8/8
   276 | D        | Found Teritt's Book Boutique.
   494 | D        | Found a burning altar of Makhleb.
   494 | D        | Found a viscous altar of Jiyva.
   494 | D        | Found a shimmering altar of Xom.
   494 | D        | Found a corrupted altar of Lugonu.
   494 | D        | Noticed a slime creature
   508 | D        | Killed a slime creature
   525 | D        | Bought a +2 cloak of magic resistance for 279 gold pieces
   525 | D        | Bought a +2 pair of gloves for 214 gold pieces
   536 | D        | Noticed a redback
   536 | D        | Noticed a redback
   541 | D        | Killed a redback
   545 | D        | Killed a redback
   545 | D        | Reached XP level 9. HP: 70/74 MP: 9/9
   563 | D        | Noticed an unseen horror
   564 | D        | Noticed an unseen horror
   587 | D        | Killed a gargoyle
   599 | D        | Killed an unseen horror
   599 | D        | Reached skill level 5 in Throwing
   603 | D        | Killed an unseen horror
   603 | D        | Reached skill level 10 in Fighting
   603 | D        | Reached skill level 10 in Armour
   665 | D        | Reached XP level 10. HP: 75/87 MP: 8/10
   723 | D        | Reached skill level 5 in Stealth
   779 | D        | Found Ivehague's Magic Scroll Shoppe.
   779 | D        | Found Gaumoann's Book Shop.
   779 | D        | Found Laghul's Book Boutique.
   781 | D        | Found Hes Kuo's Distillery.
   781 | D        | Found Werihaer's Antique Armour Shop.
   781 | D        | Found Jumam's Magic Scroll Shoppe.
   781 | D        | Found Fueloppi's Food Boutique.
   781 | D        | Found Warar's Armour Emporium.
   781 | D        | Found Atwowk's Book Shop.
   781 | D        | Found Ageummi's Food Shoppe.
   784 | D        | Found Beupecw's Jewellery Boutique.
   785 | D        | Found Rarucel's Magic Scroll Emporium.
   785 | D        | Found Hoerghiw's Armour Boutique.
   786 | D        | Found Doonk's Armour Emporium.
   793 | D        | Bought a scroll of remove curse for 30 gold pieces
   831 | D        | Bought a +4 ring of slaying for 1092 gold pieces
   856 | D        | Noticed a kobold demonologist
   857 | D        | Noticed a kobold demonologist
   859 | D        | Noticed a smoke demon
   860 | D        | Noticed a soul eater
   861 | D        | Killed a kobold demonologist
   885 | D        | Killed a kobold demonologist
  1003 | D        | Bought the +10 fire dragon scales of Temperance {rF++ rC-
                  | MR+} for 1384 gold pieces
  1170 | D        | Noticed an oklob plant
  1184 | D        | Killed an oklob plant
  1269 | D        | Noticed a centaur warrior
  1270 | D        | Noticed a centaur warrior
  1279 | D        | Killed a centaur warrior
  1292 | D        | Killed a centaur warrior
  1292 | D        | Reached XP level 11. HP: 68/101 MP: 8/11
  1335 | D        | Noticed a lindwurm
  1349 | D        | Killed a lindwurm
  1488 | D        | Reached skill level 15 in Fighting
  1499 | D        | Reached skill level 15 in Armour
  1566 | D        | Noticed a daeva
  1569 | D        | Noticed an unseen horror
  1569 | D        | Noticed an unseen horror
  1569 | D        | Noticed an unseen horror
  1579 | D        | Killed an unseen horror
  1584 | D        | Killed an unseen horror
  1589 | D        | Killed an unseen horror
  1666 | D        | Noticed an unseen horror
  1674 | D        | Killed an unseen horror
  1675 | D        | Noticed an unseen horror
  1684 | D        | Killed an unseen horror
  1769 | D        | Noticed a fire giant
  1770 | D        | Noticed a fire giant
  1773 | D        | Noticed a fire giant
  1790 | D        | Killed a fire giant
  1790 | D        | Reached XP level 12. HP: 57/114 MP: 5/12
  1807 | D        | Killed a fire giant
  1814 | D        | Killed a fire giant
  1821 | D        | Noticed a fire giant
  1830 | D        | Killed a fire giant
  1848 | D        | Got a pitted quarterstaff
  1856 | D        | Identified the +4 dragonskin cloak
  1856 | D        | Noticed Tiamat
  2122 | D        | Noticed a lorocyproca
  2155 | D        | Killed a lorocyproca
  2703 | D        | Noticed a deep troll
  2719 | D        | Killed a deep troll
  3034 | D        | Noticed a 12-headed hydra
  3046 | D        | Killed a 12-headed hydra
  3046 | D        | Reached XP level 13. HP: 48/127 MP: 4/13
  3302 | D        | Noticed a deep elf annihilator
  3344 | D        | Noticed a mummy priest
  3589 | D        | Noticed a shadow dragon
  3589 | D        | Noticed a golden dragon
  3608 | D        | Killed a golden dragon
  3970 | D        | Killed from afar by a shadow dragon

Illustrated notes

Levels and vault maps discovered:
D:        dungeon_sprint_1 [red_sonja_temple_1, red_sonja_temple_small_1]

Skill      XL: |  1  2  3  4  5  6  7  8  9 10 11 12 13 |
---------------+----------------------------------------+-----
Fighting       | 4 6 8 11 14 17 19 20 | 20.8
Armour         | 4 5 6 7 10 14 17 19 20 | 20.7
Shields        | 5 6 9 |  9.0
Polearms       | 4 8 10 14 | 14.0
Dodging        | 1 |  1.5
Throwing       | 4 6 |  6.0
Stealth        | 3 5 |  5.0
Unarmed Combat | |  0.9

Action                   |  1- 3 |  4- 6 |  7- 9 | 10-12 | 13-15 || total
-------------------------+-------+-------+-------+-------+-------++-------
Melee: Trident           |    30 |     9 |    86 |   414 |    60 ||   599
       Unarmed           |    24 |       |       |       |       ||    24
Throw: Dart              |       |       |       |    10 |       ||    10
Invok: Potion Petition   |       |       |     1 |     1 |     2 ||     4
       Call Merchant     |       |       |       |     1 |       ||     1
       Bribe Branch      |       |       |       |     1 |       ||     1
 Abil: Dig               |       |     1 |     4 |     7 |       ||    12
  Use: Potion            |     3 |       |       |       |     2 ||     5
       Scroll            |       |       |     1 |       |       ||     1
 Stab: Distracted        |       |       |       |     1 |       ||     1
  Eat: Ration            |       |       |       |     3 |     1 ||     4
Armor: Scale mail        |     8 |       |       |       |       ||     8
       Plate armour      |       |       |    26 |    31 |       ||    57
       Fire dragon scale |       |       |       |   145 |    20 ||   165
Dodge: Dodged            |    13 |     4 |    17 |   104 |     8 ||   146
Block: Kite shield       |    12 |     1 |    36 |   169 |    13 ||   231
